 Dungeon Crawl Stone Soup version 0.21.0 (webtiles) character file.

1295 Ghouzt the Shield-Bearer (level 8, -1/76 HPs)
             Began as a Gargoyle Fighter on Jan 8, 2018.
             Slain by an orc warrior
             ... wielding a +0 halberd
              (4 damage)
             ... on level 6 of the Dungeon.
             The game lasted 00:13:22 (4206 turns).

Ghouzt the Shield-Bearer (Gargoyle Fighter)         Turns: 4206, Time: 00:13:22

Health: -1/76      AC: 24    Str: 20 (23) XL:     8   Next: 56%
Magic:  0/8        EV:  2    Int: 11 (13) God:
Gold:   266        SH: 10    Dex:  8 (9)  Spells: 7/7 levels left

rFire    . . .     SeeInvis .   a - +0 flail
rCold    . . .     Gourm    .   c - +0 shield
rNeg     + + +     Faith    .   (armour currently unavailable)
rPois    ∞         Spirit   +   (helmet currently unavailable)
rElec    .         Reflect  .   (cloak currently unavailable)
rCorr    .         Harm     .   (gloves currently unavailable)
MR       .....     NoTele   +   (boots currently unavailable)
Stlth    +.........             p - amulet of guardian spirit
HPRegen  0.62/turn              (no ring)
MPRegen  0.11/turn              (no ring)

@: brilliant, tree-form
A: rugged brown scales 1, deterioration 1, negative energy resistance 1,
regeneration 1, petrification resistance, rot immunity, AC +5
a: no special abilities


You were on level 6 of the Dungeon.
You were not hungry.
You were a tree.
You visited 1 branch of the dungeon, and saw 6 of its levels.

You collected 266 gold pieces.

Inventory:

Hand Weapons
 a - a +0 flail (weapon)
Armour
 b - a +0 scale mail (melded)
 c - a +0 shield (worn)
 r - a +0 helmet (melded)
 s - a +0 pair of gloves (melded)
Jewellery
 p - an amulet of guardian spirit (around neck)
Scrolls
 e - a scroll of remove curse
 g - a scroll of enchant weapon {unknown}
 h - 2 scrolls of magic mapping {unknown}
 i - 4 scrolls of teleportation {unknown}
 l - a scroll of fog {unknown}
 n - a scroll of noise {unknown}
 o - 5 scrolls of identify {unknown}
Potions
 d - 2 potions of lignification
 j - a potion of brilliance
 m - 2 potions of might
 q - 2 potions of degeneration
Comestibles
 f - 10 rations
 k - a chunk of flesh


   Skills:
 + Level 5.5 Fighting
 + Level 6.1 Maces & Flails
 + Level 6.1 Armour
 - Level 0.7 Dodging
 + Level 1.3 Stealth
 + Level 6.3 Shields


You had 7 spell levels left.
You didn't know any spells.

Dungeon Overview and Level Annotations

Branches:
Dungeon (6/15)
 Temple: D:4-7

Altars:
Cheibriados
Hepliaklqana


Innate Abilities, Weirdness & Mutations

You are resistant to torment.
((Your stone body is resilient. (AC +5)))
You are immune to poison.
You resist negative energy. (rN+)
((You are resistant to electric shocks. (rElec)))
((You can survive without breathing.))
You are immune to petrification.
You are immune to rotting.
((You have sharp toenails.))
(You are partially covered in rugged brown scales. (AC +1, +3% HP))
Your body sometimes deteriorates upon taking damage.
Your natural rate of healing is unusually fast.


Message History

The giant cockroach bites you but does no damage.
The orc warrior hits you but does no damage.
The giant cockroach bites you but does no damage.
You thump the giant cockroach!
You kill the giant cockroach!
You block the orc warrior's attack.
You completely miss the orc. The orc hits you.
* * * LOW HITPOINT WARNING * * *
The orc warrior hits you from afar with a halberd!
* * * LOW HITPOINT WARNING * * *
You thump the orc wizard!
The orc wizard is heavily wounded.
The orc warrior hits you from afar with a halberd.
* * * LOW HITPOINT WARNING * * *
The orc wizard hits you with a dagger.
* * * LOW HITPOINT WARNING * * *
Your shield prevents you from hitting the orc.
The orc wizard hits you but does no damage.
The orc warrior hits you from afar with a halberd.
You die...

#. .......#.
####. .._....
#.... ......
#....## ....
#.....##...
###......##.#
...(......#o#
#......oo♣#
#........o###
..#.......#
#.......#
#.......#
.....#####
...$.. ......


You could see an orc warrior, an orc wizard and 2 orcs.

Vanquished Creatures
  A phantom (D:4)
  3 ogres
  3 scorpions (D:4)
  A howler monkey (D:5)
  4 orc priests
  A bullfrog skeleton (D:4)
  A hound (D:4)
  A jelly (D:3)
  3 orc wizards
  An iguana (D:4)
  7 worker ants
  A killer bee zombie (D:6)
  A hound zombie (D:2)
  A worker ant zombie (D:5)
  Robin (D:2)
  3 gnolls (D:5)
  5 adders
  2 oozes (D:2)
  4 worms
  3 dart slugs
  5 leopard geckos
  21 orcs
  6 giant cockroaches
  9 goblins
  16 hobgoblins
  5 jackals
  A quokka (D:3)
  10 bats
  5 frilled lizards
  8 kobolds
  A quokka skeleton (D:5)
  6 rats
140 creatures vanquished.

Vanquished Creatures (others)
  A plant (D:5)
1 creature vanquished.

Grand Total: 141 creatures vanquished

Notes
Turn   | Place    | Note
-------+----------+-------------------------------------------
     0 | D:1      | Ghouzt the Gargoyle Fighter began the quest for the Orb.
     0 | D:1      | Reached XP level 1. HP: 14/14 MP: 1/1
   134 | D:1      | Reached XP level 2. HP: 14/19 MP: 2/2
   831 | D:2      | Reached XP level 3. HP: 21/23 MP: 3/3
   841 | D:2      | Noticed Robin
   870 | D:2      | Killed Robin
  1066 | D:2      | Reached XP level 4. HP: 25/29 MP: 4/4
  1529 | D:2      | Reached XP level 5. HP: 31/33 MP: 5/5
  1663 | D:3      | Found a faded altar of an unknown god.
  2094 | D:3      | Reached XP level 6. HP: 38/39 MP: 6/6
  2109 | D:3      | Gained mutation: You are partially covered in rugged brown scales. (AC +1, +3% HP) [potion of mutation]
  2109 | D:3      | Gained mutation: Your body sometimes deteriorates upon taking damage. [potion of mutation]
  2109 | D:3      | Gained mutation: Your natural rate of healing is unusually fast. [potion of mutation]
  2109 | D:3      | Gained mutation: You have sharp toenails. [potion of mutation]
  2586 | D:4      | Reached skill level 5 in Shields
  2586 | D:4      | Reached XP level 7. HP: 45/45 MP: 7/7
  2601 | D:4      | Reached skill level 5 in Fighting
  2854 | D:4      | Reached skill level 5 in Maces & Flails
  2949 | D:4      | Reached skill level 5 in Armour
  3005 | D:4      | Reached XP level 8. HP: 47/50 MP: 6/8
  3121 | D:4      | Found a glowing drain.
  3224 | D:4      | Reached skill level 1 in Stealth
  3455 | D:5      | Entered Level 5 of the Dungeon
  4062 | D:5      | Found a snail-covered altar of Cheibriados.
  4176 | D:6      | Found a hazy altar of Hepliaklqana.
  4204 | D:6      | HP: 3/76 [orc warrior/halberd (5)]
  4206 | D:6      | Slain by an orc warrior

Skill      XL: |  1  2  3  4  5  6  7  8 |
---------------+-------------------------+-----
Fighting       | 4 5 |  5.5
Shields        | 4 5 6 |  6.3
Maces & Flails | 3 4 5 6 |  6.1
Armour         | 4 5 6 |  6.1
Stealth        | 1 |  1.3
Dodging        | |  0.7

Action                   |  1- 3 |  4- 6 |  7- 9 || total
-------------------------+-------+-------+-------++-------
Melee: Flail             |   138 |   249 |   198 ||   585
       Kick              |       |     5 |    52 ||    57
  Use: Potion            |     3 |     4 |     3 ||    10
       Scroll            |       |     1 |       ||     1
  Eat: Chunk             |     1 |     5 |     6 ||    12
Armor: Scale mail        |    88 |   145 |    84 ||   317
       Skin              |       |     8 |     5 ||    13
Dodge: Dodged            |    46 |    89 |    46 ||   181
Block: Shield            |    88 |   152 |    93 ||   333
